 Dungeon Crawl Stone Soup version 0.32-a0-699-g1ee5eff69a (webtiles) character file.

Game seed: 4714856222715379486

223 BubbleThief the Sneak (level 6, 0/35 HPs)
             Began as a Kobold Brigand on Mar 13, 2024.
             Slain by a sky beast (2 damage)
             ... on level 4 of the Dungeon.
             The game lasted 00:05:35 (2885 turns).

BubbleThief the Sneak (Kobold Brigand)              Turns: 2885, Time: 00:05:35

Health: 0/35       AC:  4    Str:  8 (9)  XL:     6   Next: 20%
Magic:  15/15      EV: 13    Int: 11 (12) God:
Gold:   65         SH:  0    Dex: 16 (18) Spells: 5/5 levels left

rFire   . . .        n - +1 short sword (flame)
rCold   . . .        (no shield)
rNeg    . . .        b - +0 robe
rPois   .            (no helmet)
rElec   .            c - +0 cloak
rCorr   .            (no gloves)
SInv    .            j - +0 pair of boots {Stlth+}
Will    .....        (no amulet)
Stlth   ++++++       l - ring of magical power
HPRegen 0.25/turn    (no ring)
MPRegen 0.14/turn

%: no passive effects
@: no status effects
A: small, no large weapons, nightstalker 3
a: no special abilities


You were on level 4 of the Dungeon.
You visited 1 branch of the dungeon, and saw 4 of its levels.

You collected 191 gold pieces.
You spent 126 gold pieces at shops.

Inventory:

Hand Weapons
 a - a +2 dagger
 n - a +1 short sword of flaming (weapon)
Missiles
 d - 16 poisoned darts
 h - 4 atropa-tipped darts
 p - 6 darts of dispersal
Armour
 b - a +0 robe (worn)
 c - a +0 cloak (worn)
 j - a +0 pair of boots of stealth (worn)
Jewellery
 l - a ring of magical power (left hand)
Scrolls
 f - a scroll of torment {unknown}
 i - 2 scrolls of teleportation {unknown}
 m - a scroll of amnesia {unknown}
 o - a scroll of butterflies {unknown}
 q - a scroll of revelation {unknown}
 r - a scroll of fog {unknown}
 s - a scroll of immolation {unknown}
 t - a scroll of acquirement {unknown}
 u - a scroll of identify {unknown}
Potions
 g - a potion of cancellation {unknown}
 k - a potion of attraction {unknown}
 v - a potion of haste {unknown}


   Skills:
 - Level 2.1 Fighting
 + Level 5.9 Short Blades
 - Level 2.1 Throwing
 - Level 1.2 Dodging
 + Level 7.9 Stealth


You had 5 spell levels left.
You didn't know any spells.
Your spell library contained the following spells:

 Spells                   Type           Power      Damage    Failure   Level
 Frozen Ramparts          Ice            0%         1d1       71%         3
 Ozocubu's Armour         Ice            0%         N/A       71%         3
 Metabolic Englaciation   Hex/Ice        0%         N/A       100%        5


Dungeon Overview and Level Annotations

Branches:
Dungeon (4/15)
 Temple: D:4-7

Altars:
Nemelex Xobeh

Shops:
D:1 (?([=   D:3 [   D:4 =


Innate Abilities, Weirdness & Mutations

You are small and have problems with some larger weapons.
You are completely attuned to the shadows.


Message History

You hit the sky beast. You burn the sky beast.
The sky beast is lightly wounded.
The sky beast flickers out of sight!
Deactivating autopickup; reactivate with Ctrl-A.
Something hits you. Something shocks you. Something hits you.
Something shocks you. Something hits you but does no damage.
Something hits you. Something shocks you.
Something hits you but does no damage.
Throw: 3 darts (curare)
Press: ? - help, Q - select action, (/) - cycle Shift-Dir - straight line You throw a curare-tipped dart.
Unknown command.
Unknown command.
Something hits you. Something shocks you.
* * * LOW HITPOINT WARNING * * *
Something hits you.
* * * LOW HITPOINT WARNING * * *
Something shocks you.
* * * LOW HITPOINT WARNING * * *
Found a stone staircase leading up.
Reactivating autopickup.
A sky beast appears from thin air!
Throw: 2 darts (curare)
Press: ? - help, Q - select action, (/) - cycle Shift-Dir - straight line You throw a curare-tipped dart.
The curare-tipped dart closely misses the sky beast.
Unknown command.
Throw: dart (curare)
Press: ? - help, Q - select action, (/) - cycle Shift-Dir - straight line, f - sky beast
Aim: a sky beast (lightly wounded, 48% to hit)
You throw a curare-tipped dart.
The curare-tipped dart hits the sky beast.
The sky beast is poisoned.
The sky beast struggles to breathe.
The sky beast seems to slow down.
The sky beast is moderately wounded.
The sky beast flickers out of sight!
Deactivating autopickup; reactivate with Ctrl-A.
Something hits you.
You die...

+∩#..# ###..#
###....#
#...<..# #
#......# #.
#......#
<#.##..)...##
...........>#
#@#####.##
#{# #.#
#§#####.#
#.#.##...(#
#..(.........
###.#......#.
#.#......+
#...#....#
#...#...


There were no monsters in sight!

Vanquished Creatures
  An iguana (D:4)
  Natasha (thrice) (D:2)
  4 adders
  A dart slug (D:3)
  2 orcs
  8 ball pythons
  6 endoplasms
  3 giant cockroaches
  14 goblins
  3 hobgoblins
  10 jackals
  2 quokkas
  3 bats
  5 frilled lizards
  7 kobolds
  5 rats
77 creatures vanquished.

Notes
Turn   | Place    | Note
-------+----------+-------------------------------------------
     0 | D:1      | BubbleThief the Kobold Brigand began the quest for the Orb.
     0 | D:1      | Reached XP level 1. HP: 12/12 MP: 1/1
    69 | D:1      | Found Hozyosk's Weapon Emporium.
   139 | D:1      | Reached XP level 2. HP: 17/17 MP: 2/2
   239 | D:1      | Found Qiucunt's Armour Shop.
   242 | D:1      | Found Kapuimim's Antique Weapon Shoppe.
   266 | D:1      | Reached skill level 6 in Stealth
   266 | D:1      | Reached XP level 3. HP: 21/21 MP: 3/3
   297 | D:1      | Found Zuditze's Magic Scroll Shoppe.
   325 | D:1      | Found Zuzxy's Jewellery Shop.
   489 | D:1      | Found a faded altar of an unknown god.
   984 | D:2      | Noticed Natasha
   988 | D:2      | Killed Natasha
   989 | D:2      | Reached XP level 4. HP: 26/26 MP: 4/4
   995 | D:2      | Noticed Natasha
  1001 | D:2      | Killed Natasha
  1016 | D:2      | Reached skill level 7 in Stealth
  1016 | D:2      | Reached XP level 5. HP: 13/30 MP: 5/5
  1144 | D:2      | Reached skill level 5 in Short Blades
  1646 | D:2      | Noticed Natasha
  1670 | D:2      | Killed Natasha
  2120 | D:3      | Found a sparkling altar of Nemelex Xobeh.
  2244 | D:3      | Found Nous's Armour Shoppe.
  2254 | D:3      | Bought a +0 pair of boots of stealth for 126 gold pieces
  2332 | D:3      | Reached XP level 6. HP: 35/35 MP: 6/6
  2707 | D:4      | Found Xaost's Jewellery Emporium.
  2756 | D:4      | Noticed a sky beast
  2882 | D:4      | HP: 1/35 [something (6)]
  2885 | D:4      | Slain by a sky beast

Illustrated notes

Levels and vault maps discovered:
D:1:      tarquinn_simple_flora_water_e, layout_rooms,
          nicolae_ecumenical_lake_church, serial_shops, shop, shop, shop,
          nicolae_shop_hallway_plus, shop
D:2:      layout_loops_ring, kennysheep_crisscross, amcnicky_mini_pool_small,
          uniq_natasha
D:3:      layout_loops_ring, lemuel_coloured_pillars_altar, serial_shops,
          nicolae_shop_gibbet_a_chance
D:4:      layout_basic, minitemple, serial_shops, nicolae_shop_window_shopping

Skill      XL: |  1  2  3  4  5 |
---------------+----------------+-----
Short Blades   | 3 4 5 |  5.9
Stealth        | 6 7 |  7.9
Fighting       | |  2.1
Throwing       | |  2.1
Dodging        | |  1.2

Action                     |  1- 3 |  4- 6 || total
---------------------------+-------+-------++-------
  Melee: Dagger            |    50 |       ||    50
         Short sword       |    19 |   117 ||   136
  Throw: Dart              |       |     7 ||     7
    Use: Potion            |       |     2 ||     2
   Stab: Sleeping          |    16 |    25 ||    41
         Distracted        |     1 |       ||     1
 Armour: Robe              |    23 |    50 ||    73
  Dodge: Dodged            |    35 |    57 ||    92

Table legend: (Time is in decaauts)
 A = Elapsed time spent in this place.
 B = Non-inter-level travel time spent in this place.
 C = Inter-level travel time spent in this place.
 D = Time resting spent in this place.
 E = Time spent auto-exploring this place.
 F = Levels seen in this place.
 G = Mean time per level.
                   A        B        C        D        E       F      G
               +--------+--------+--------+--------+--------+-----+--------+
         Total |   2841 |   2763 |     78 |    100 |   2158 |   4 |  710.2 |
       Dungeon |   2841 |   2763 |     78 |    100 |   2158 |   4 |  710.2 |
               +--------+--------+--------+--------+--------+-----+--------+

Top non-repeatable levels by time:
     D:2: 1066 daAuts
     D:3: 932 daAuts
     D:1: 687 daAuts
     D:4: 155 daAuts
